Map: Ombre blu LE

Players

Flexi

  • Race: Terran Terran
  • League: Gold
  • Spawn Location: 7:00

Kideruzi - Winner!

  • Race: Protoss Protoss
  • League: Gold
  • Spawn Location: 1:00

VOD

Have the link to the VOD?

Description

Time

  • Played on: Aug. 22, 2018, 7:01 p.m.
  • Length: 19:19
Show
View Real Time Build Order
Export as new Build Order

Flexi Terran 

Build Orders:  

Get SALT Encoding   

  12  0:01  SCV  
  13  0:15  SCV  
  14  0:27  SCV  
  15  0:32  Supply Depot  
  15  0:41  Refinery  
  15  0:53  SCV  
  15  0:55  Barracks  
  16  1:05  SCV  
  17  1:14  Supply Depot  
  17  1:17  SCV  
  18  1:30  SCV  
  19  1:40  Barracks  
  19  1:42  SCV  
  19  1:44  Reaper  
  22  1:55  Orbital Command  
  21  2:08  Factory  
  21  2:29  SCV  
  22  2:36  Refinery  
  22  2:41  SCV, Marine  
  25  2:46  Command Center  
  25  2:47  Barracks Tech Lab  
  24  2:55  SCV  
  25  2:58  Marine  
  26  3:08  SCV  
  27  3:21  SCV  
  28  3:33  SCV  
  29  3:35  Engineering Bay  
  29  3:43  Barracks Reactor  
  29  3:46  SCV  
  29  3:47  Barracks Tech Lab  
  30  3:55  Supply Depot  
  30  3:57  Siege Tank  
  30  3:58  SCV  
  30  4:01  Planetary Fortress  
  34  4:12  Command Center  
  34  4:17  Marine  
  34  4:18  Supply Depot  
  33  4:31  Marine x2  
  33  4:35  Marine  
  35  4:42  Missile Turret  
  35  4:51  Missile Turret  
  35  4:52  SCV x2  
  37  4:59  Missile Turret, Terran Infantry Weapons Level 1  
  37  5:04  SCV x2  
  39  5:16  SCV x2  
  42  5:28  SCV x2  
  43  5:40  SCV x2  
  45  5:43  Refinery  
  45  5:46  Refinery  
  45  5:47  Missile Turret  
  45  5:52  Siege Tank, SCV x2  
  45  5:53  Missile Turret, Marine  
  45  5:55  Marine  
  52  5:57  Marine  
  52  6:04  SCV  
  53  6:11  Marine  
  53  6:12  Starport  
  53  6:13  Marine  
  53  6:17  Missile Turret  
  55  6:24  SCV  
  55  6:25  Missile Turret, SCV  
  57  6:26  Marine  
  58  6:37  SCV x2  
  58  6:39  Marine  
  60  6:40  Marine  
  60  6:46  Supply Depot  
  62  6:47  Missile Turret  
  62  6:48  Marine  
  62  6:51  Supply Depot  
  62  6:52  Missile Turret  
  62  6:53  Terran Infantry Armor Level 1  
  63  6:56  Missile Turret  
  63  7:00  Armory  
  63  7:05  Fusion Core  
  63  7:08  SCV  
  64  7:12  Supply Depot  
  64  7:13  Missile Turret, Marine x2  
  66  7:20  SCV  
  59  7:35  Supply Depot  
  50  7:38  Marine x3  
  50  7:40  Siege Tank  
  50  7:42  Starport Tech Lab  
  49  7:56  Marine x3  
  49  7:57  Missile Turret  
  50  8:11  Battlecruiser  
  50  8:12  Siege Tank  
  59  8:13  Marine  
  59  8:14  Marine x2  
  60  8:31  Marine x2  
  62  8:34  Barracks  
  62  8:41  Missile Turret  
  62  8:44  Siege Tank  
  65  8:48  Marine  
  65  8:49  Marine x2  
  68  8:57  Barracks  
  68  9:01  Missile Turret  
  68  9:05  Supply Depot  
  68  9:06  SCV, Marine  
  68  9:07  Marine x2  
  72  9:15  Battlecruiser  
  76  9:24  Marine  
  77  9:46  Marine x3  
  77  9:52  SCV x2  
  82  10:04  SCV, Marine x3  
  82  10:05  SCV  
  86  10:16  SCV  
  84  10:21  Marine  
  71  10:36  Marine x2  
  71  10:37  Marine  
  71  10:39  Marine  
  65  10:54  Marine x3  
  54  11:28  Marine x4  
  54  11:32  Thor  
  64  11:42  Barracks  
  64  11:46  Marine x4  
  68  11:49  Barracks  
  69  12:01  Barracks Reactor  
  68  12:04  Marine x3  
  68  12:07  Barracks Tech Lab  
  71  12:15  Thor  
  77  12:16  Supply Depot  
  77  12:20  Supply Depot x2  
  77  12:21  Marine  
  77  12:22  Marine x2  
  80  12:23  Weapon Refit  
  80  12:24  Supply Depot  
  80  12:25  Terran Ship Weapons Level 1  
  80  12:26  Terran Infantry Weapons Level 2  
  80  12:29  Marine x2  
  82  12:39  Marine x2  
  82  12:40  Marine  
  85  12:46  Marine x2  
  85  12:47  Marine x2  
  85  12:51  Supply Depot  
  89  12:54  Supply Depot  
  89  12:57  Supply Depot, Marine x2  
  89  12:58  Marine  
  92  13:04  Marine x4  
  96  13:13  Supply Depot  
  96  13:15  Marine x2  
  96  13:17  Supply Depot  
  96  13:19  Supply Depot  
  98  13:20  Marine  
  98  13:22  Marine x4, Medivac  
  105  13:30  Command Center  
  105  13:33  Marine x2  
  107  13:40  Stimpack  
  106  13:42  Combat Shield  
  106  13:48  SCV x2, Marine x2  
  108  13:49  Marine x2  
  108  13:50  Marine  
  108  13:52  Medivac  
  115  14:00  SCV x2  
  107  14:19  Terran Vehicle Weapons Level 1  
  107  14:22  Medivac  
  109  14:39  Marine x3  
  109  14:41  Missile Turret  
  109  14:42  Hi-Sec Auto Tracking  
  112  14:46  SCV x3  
  115  14:58  SCV x2  
  117  15:03  Marine x3  
  117  15:04  Missile Turret, Marine  
  121  15:10  SCV  
  122  15:19  Marine  
  122  15:20  Marine x2  
  122  15:21  Marine x3  
  125  15:22  Marine  
  125  15:24  Command Center  
  125  15:25  Medivac  
  131  15:43  Marine x3  
  131  15:44  Marine x2  
  131  15:49  Planetary Fortress  
  136  15:58  Refinery  
  136  15:59  Refinery  
  136  16:18  Marine x7  
  139  16:20  Thor  
  139  16:22  Battlecruiser  
  155  16:33  SCV x2  
  155  16:37  Orbital Command  
  155  16:38  SCV  
  158  16:45  SCV x2  
  159  16:53  Refinery  
  159  16:56  Refinery  
  159  16:57  SCV  
  160  17:08  Command Center  
  160  17:15  Marine x2  
  161  17:17  Barracks Reactor  
  161  17:20  Cloaking Field  
  162  17:26  Medivac  
  80  17:51  Marine x3  
  80  17:52  Marine x3  
  82  18:04  Marine x2  
  67  18:09  Marine x4  
  67  18:10  Marine x2  
  66  18:24  Refinery  
  66  18:26  Marine x2  
  65  18:27  Marine  
  65  18:32  Marine  
  65  18:33  Marine x2  
  54  18:44  Marine  
  42  18:50  Refinery  
Show
View Real Time Build Order
Export as new Build Order

Kideruzi Protoss - Winner!

Build Orders: Oracle Opening, Phoenix Opening 

Get SALT Encoding   

  12  0:01  Probe  
  13  0:13  Probe  
  14  0:18  Pylon  
  14  0:25  Probe  
  15  0:37  Gateway  
  15  0:39  Probe  
  16  0:49  Assimilator  
  16  0:53  Probe  
  16  1:05  Probe  
  16  1:08  Assimilator  
  17  1:13  Pylon  
  17  1:17  Probe  
  18  1:29  Probe  
  19  1:32  Cybernetics Core  
  19  1:41  Probe  
  20  1:53  Probe  
  21  2:05  Probe  
  22  2:09  Warp Gate  
  22  2:15  Adept  
  22  2:17  Probe  
  22  2:18  Stargate  
  23  2:25  Gateway  
  25  2:30  Probe  
  26  2:42  Adept, Probe  
  28  3:10  Oracle  
  30  3:19  Adept  
  31  3:34  Pylon  
  31  3:36  Nexus  
  31  3:52  Adept, Probe  
  34  3:58  Phoenix  
  36  4:03  Adept  
  36  4:04  Probe  
  35  4:52  Phoenix  
  37  4:58  Probe  
  38  5:03  Probe  
  39  5:10  Probe  
  39  5:13  Phoenix, Gateway  
  40  5:14  Gateway  
  40  5:15  Probe  
  40  5:16  Pylon  
  40  5:17  Gateway  
  43  5:28  Stalker x2  
  47  5:36  Phoenix  
  47  5:37  Robotics Facility  
  47  5:41  Probe  
  50  5:48  Probe  
  51  5:53  Probe  
  52  6:01  Probe  
  52  6:07  Sentry  
  52  6:08  Stalker  
  56  6:11  Probe  
  56  6:13  Phoenix  
  56  6:15  Probe  
  60  6:19  Assimilator, Probe  
  60  6:23  Assimilator  
  61  6:28  Observer  
  61  6:31  Pylon  
  62  6:33  Pylon  
  62  6:49  Probe, Phoenix  
  62  6:51  Stalker x3  
  56  8:07  Stalker x2  
  56  8:08  Stalker x3  
  56  8:10  Immortal  
  70  8:24  Probe  
  71  8:36  Probe, Stalker x3  
  78  8:43  Twilight Council  
  78  8:45  Pylon  
  78  8:47  Pylon  
  78  8:52  Pylon  
  78  8:53  Pylon  
  78  9:01  Gateway  
  78  9:03  Probe, Gateway  
  78  9:04  Pylon  
  79  9:15  Probe  
  80  9:27  Probe, Stalker x5  
  80  9:30  Immortal  
  95  9:32  Blink  
  95  9:34  Probe  
  96  9:39  Probe  
  97  9:56  Sentry  
  97  9:57  Sentry x3, Nexus  
  105  10:00  Pylon  
  105  10:02  Pylon  
  105  10:04  Zealot  
  80  10:53  Stalker  
  80  10:54  Stalker x4  
  82  11:10  Shield Battery  
  77  11:27  Zealot x5  
  77  11:31  Probe  
  77  11:32  Probe  
  89  11:36  Probe  
  90  11:43  Probe  
  90  11:44  Probe  
  92  11:48  Probe  
  91  11:56  Zealot x3  
  91  11:57  Zealot x2  
  101  12:02  Immortal  
  105  12:11  Probe x3  
  108  12:21  Forge  
  108  12:23  Forge  
  108  12:30  Zealot x7  
  108  12:32  Immortal  
  122  12:40  Charge  
  126  12:58  Protoss Ground Weapons Level 1, Protoss Ground Armor Level 1  
  126  13:08  Templar Archives  
  126  13:09  Observer  
  123  13:26  Stalker x3  
  129  13:27  Stalker  
  129  13:28  Stalker x2  
  129  13:29  Stalker  
  129  13:30  Warp Prism  
  139  13:43  Probe x2  
  139  13:44  Probe  
  139  13:47  Assimilator  
  142  13:51  Assimilator  
  142  13:52  Zealot  
  144  13:55  Probe x2  
  144  13:56  Probe  
  144  14:06  Immortal  
  144  14:07  Probe  
  144  14:08  Probe  
  149  14:10  Probe  
  148  14:20  Probe  
  147  14:29  Psionic Storm  
  147  14:31  Protoss Ground Weapons Level 2, Protoss Ground Armor Level 2  
  147  14:35  Pylon  
  147  14:37  Pylon  
  147  14:40  Pylon  
  147  14:43  Pylon  
  147  14:46  Pylon  
  147  14:48  Pylon  
  147  14:49  Immortal  
  147  14:53  Probe  
  152  15:05  Probe, High Templar x4  
  161  15:09  Archon  
  161  15:10  Archon  
  161  15:11  High Templar x3  
  167  15:17  Probe  
  167  15:20  Shield Battery  
  168  15:21  Shield Battery  
  172  15:28  Immortal  
  172  15:29  Probe  
  173  15:53  Nexus  
  173  15:57  Assimilator  
  173  16:00  Assimilator, Zealot  
  173  16:02  Sentry x2  
  179  16:04  Pylon  
  179  16:05  High Templar x2  
  179  16:06  Pylon  
  179  16:07  High Templar  
  179  16:10  Pylon  
  185  16:14  Pylon  
  185  16:17  Immortal  
  189  16:43  Zealot x4  
  197  16:51  Stalker  
  165  17:57  Pylon  
  161  18:04  Zealot x2  
  161  18:05  Zealot x5  
  159  18:31  Zealot x4  
  159  18:32  Zealot x3  
  165  18:51  Probe x4  
  165  18:55  Zealot x7  
  183  19:03  Probe x4  
Tags
 
Add a new tag
Caveats
  • Supply blocks, unpowered buildings, or Contaminate may cause inaccurate times.
  • Supply counts are checked every 10 seconds.